 Dungeon Crawl Stone Soup version 0.24.0-123-gd5b16e6ec5 (webtiles) character file.

Game seed: 1989163784773147293, levelgen mode: deterministic

303 FishyPogo the Charmwright (level 6, -1/75 HPs)
             Began as a Gnoll Skald on Jan 1, 2020.
             Was a Follower of Okawaru.
             Slain by an ogre
             ... wielding a +0 giant club
              (18 damage)
             ... on level 4 of the Dungeon.
             The game lasted 00:11:44 (2634 turns).

FishyPogo the Charmwright (Gnoll Skald)             Turns: 2634, Time: 00:11:44

Health: -1/75      AC: 23    Str: 16    XL:     6   Next: 38%
Magic:  3/14       EV:  2    Int: 15    God:    Okawaru [*.....]
Gold:   129        SH:  0    Dex: 19    Spells: 1/15 levels left

rFire    . . .     SeeInvis .   a - +1 short sword
rCold    . . .     Gourm    .   (no shield)
rNeg     + + +     Faith    .   (armour currently unavailable)
rPois    +         Spirit   .   (helmet currently unavailable)
rElec    .         Reflect  .   (cloak currently unavailable)
rCorr    .         Harm     .   (gloves currently unavailable)
MR       .....     NoTele   +   (boots currently unavailable)
Stlth    +++.......             h - amulet of rage
HPRegen  0.22/turn              f - ring of poison resistance
MPRegen  0.14/turn              (no ring)

@: agile, tree-form, singing (expiring), very slightly contaminated
A: distributed training, strong nose
a: Heroism, Renounce Religion, Evoke Berserk Rage


You were on level 4 of the Dungeon.
You worshipped Okawaru.
Okawaru was aware of your devotion.
You were hungry.
You were a tree.
You visited 1 branch of the dungeon, and saw 4 of its levels.

You collected 129 gold pieces.

Inventory:

Hand Weapons
 a - a +1 short sword (weapon)
Missiles
 e - 4 boomerangs
 g - 91 stones (quivered)
 i - 13 poisoned darts
Armour
 b - a +1 leather armour (melded)
 k - a +0 buckler
 r - a +0 pair of boots (melded)
Jewellery
 f - a ring of poison resistance (left branch)
 h - an amulet of rage (around neck)
Scrolls
 j - 3 scrolls of identify
 l - a scroll of amnesia {unknown}
 m - a scroll of remove curse
 s - a scroll of noise {unknown}
Comestibles
 d - 13 rations


   Skills:
 + Level 4.9 Fighting
 + Level 4.9 Short Blades
 + Level 1.9 Long Blades
 + Level 1.9 Axes
 + Level 1.9 Maces & Flails
 + Level 1.9 Polearms
 + Level 1.9 Staves
 + Level 1.9 Slings
 + Level 1.9 Bows
 + Level 1.9 Crossbows
 + Level 1.9 Throwing
 + Level 3.2 Armour
 + Level 4.9 Dodging
 + Level 1.9 Stealth
 + Level 1.9 Shields
 + Level 1.9 Unarmed Combat
 + Level 5.3 Spellcasting
 + Level 1.5 Conjurations
 + Level 1.5 Hexes
 + Level 5.6 Charms
 + Level 1.5 Summonings
 + Level 1.5 Necromancy
 + Level 1.5 Translocations
 + Level 1.5 Transmutations
 + Level 1.5 Fire Magic
 + Level 1.5 Ice Magic
 + Level 1.5 Air Magic
 + Level 1.5 Earth Magic
 + Level 1.5 Poison Magic
 + Level 2.1 Invocations
 + Level 1.9 Evocations


You had one spell level left.
You knew the following spells:

 Your Spells              Type           Power        Failure   Level  Hunger
c - Mephitic Cloud        Conj/Pois/Air  #.......     26%         3    ###....
h - Regeneration          Chrm/Necr      ##........   11%         3    ###....
n - Spectral Weapon       Hex/Chrm       ##......     11%         3    ###....
p - Shroud of Golubria    Chrm/Tloc      ##....       5%          2    #......
u - Song of Slaying       Chrm           ###.....     2%          2    #......
y - Infusion              Chrm           ###.         1%          1    None

Your spell library contained the following spells:

 Spells                   Type           Power        Failure   Level  Hunger
 Magic Dart               Conj           #...         9%          1    None
 Blink                    Tloc           N/A          13%         2    #......
 Call Imp                 Summ           #.......     13%         2    #......
 Slow                     Hex            #.......     13%         2    #......
 Conjure Flame            Conj/Fire      #.......     26%         3    ###....


Dungeon Overview and Level Annotations

Branches:
Dungeon (4/15)
 Temple: D:4-7

Altars:
Ashenzari
Okawaru

Annotations:
D:4 Eustachio


Innate Abilities, Weirdness & Mutations

Your experience applies equally to all skills.
((You have very sharp teeth.))
Your uncanny sense of smell can sniff out nearby items.


Message History

The river rat bites you but does no damage.
You hit the adder.
The adder is severely wounded.
The adder bites you but does no damage.
You closely miss the adder.
The adder is severely wounded.
The orc hits you but does no damage.
The river rat bites you but does no damage.
The ogre hits you with a +0 giant club.
* * * LOW HITPOINT WARNING * * *
The adder bites you but does no damage.
You closely miss the adder.
The adder is severely wounded.
The river rat bites you but does no damage.
The adder bites you but does no damage. The orc hits you but does no damage.
Unknown command.
You hit the adder.
The adder is almost dead.
The ogre hits you with a +0 giant club!!
You die...

. ...# ...
#.#..#
...o#.#..## .
...∆......###...
.. #.........
..l####..###..
..rSo§.o.#
..##r##.##
#§##♣##.#
#..oOS§.#
####.#### #.#
#.# #.# ∆ ...
#.# ..


You could see an ogre, an orc priest, 2 adders, a river rat and an orc.

Vanquished Creatures
  An orc wizard (D:4)
  A worker ant (D:3)
  Natasha (thrice) (D:2)
  4 gnolls (D:3)
  6 adders
  An ooze (D:3)
  3 worms
  3 dart slugs
  3 leopard geckos
  4 orcs
  A ball python (D:2)
  4 bats
  3 giant cockroaches
  A goblin (D:2)
  3 hobgoblins
  10 jackals (D:1)
  4 frilled lizards
  4 kobolds
  9 rats
68 creatures vanquished.

Vanquished Creatures (others)
  A spectral weapon (D:4)
1 creature vanquished.

Grand Total: 69 creatures vanquished

Notes
Turn   | Place    | Note
-------+----------+-------------------------------------------
     0 | D:1      | FishyPogo the Gnoll Skald began the quest for the Orb.
     0 | D:1      | Reached XP level 1. HP: 20/20 MP: 6/6
   343 | D:1      | Reached XP level 2. HP: 26/26 MP: 4/7
   351 | D:1      | Learned a level 2 spell: Song of Slaying
   354 | D:1      | Learned a level 2 spell: Shroud of Golubria
   821 | D:1      | Reached XP level 3. HP: 31/31 MP: 0/9
   971 | D:2      | Reached skill level 5 in Spellcasting
   976 | D:2      | Learned a level 3 spell: Regeneration
   980 | D:2      | Learned a level 3 spell: Spectral Weapon
  1093 | D:2      | Reached skill level 1 in Invocations
  1207 | D:2      | Reached skill level 1 in Long Blades
  1207 | D:2      | Reached skill level 1 in Axes
  1207 | D:2      | Reached skill level 1 in Maces & Flails
  1207 | D:2      | Reached skill level 1 in Polearms
  1207 | D:2      | Reached skill level 1 in Staves
  1207 | D:2      | Reached skill level 1 in Slings
  1207 | D:2      | Reached skill level 1 in Bows
  1207 | D:2      | Reached skill level 1 in Crossbows
  1207 | D:2      | Reached skill level 1 in Throwing
  1207 | D:2      | Reached skill level 1 in Stealth
  1207 | D:2      | Reached skill level 1 in Shields
  1207 | D:2      | Reached skill level 1 in Unarmed Combat
  1207 | D:2      | Reached skill level 1 in Evocations
  1229 | D:2      | Reached XP level 4. HP: 28/38 MP: 9/11
  1641 | D:2      | Noticed Natasha
  1674 | D:3      | Reached skill level 1 in Conjurations
  1674 | D:3      | Reached skill level 1 in Hexes
  1674 | D:3      | Reached skill level 1 in Summonings
  1674 | D:3      | Reached skill level 1 in Necromancy
  1674 | D:3      | Reached skill level 1 in Translocations
  1674 | D:3      | Reached skill level 1 in Transmutations
  1674 | D:3      | Reached skill level 1 in Fire Magic
  1674 | D:3      | Reached skill level 1 in Ice Magic
  1674 | D:3      | Reached skill level 1 in Air Magic
  1674 | D:3      | Reached skill level 1 in Earth Magic
  1674 | D:3      | Reached skill level 1 in Poison Magic
  1686 | D:3      | Found a shattered altar of Ashenzari.
  1824 | D:3      | Reached XP level 5. HP: 43/43 MP: 12/12
  1906 | D:3      | Learned a level 3 spell: Mephitic Cloud
  2015 | D:3      | Found a faded altar of an unknown god.
  2021 | D:3      | Became a worshipper of Warmaster Okawaru
  2021 | D:3      | Reached * piety under Okawaru
  2252 | D:2      | Killed Natasha
  2269 | D:2      | Noticed Natasha
  2280 | D:2      | Killed Natasha
  2280 | D:2      | Reached XP level 6. HP: 26/50 MP: 2/13
  2307 | D:2      | Noticed Natasha
  2316 | D:2      | Killed Natasha
  2588 | D:4      | Noticed Eustachio
  2634 | D:4      | Slain by an ogre

Levels and vault maps discovered:
D:1:      lightli_arrival_statue_moat, layout_loops_ring
D:2:      layout_basic, uniq_natasha
D:3:      layout_rooms, evilmike_ruin_ashenzari,
          chequers_ecumenical_altar_simple
D:4:      layout_loops_cross, first_ration, uniq_eustachio, uniq_menkaure

Skill      XL: |  1  2  3  4  5 |
---------------+----------------+-----
Spellcasting   | 5 |  5.3
Invocations    | 1 2 |  2.1
Long Blades    | 1 |  1.9
Axes           | 1 |  1.9
Maces & Flails | 1 |  1.9
Polearms       | 1 |  1.9
Staves         | 1 |  1.9
Slings         | 1 |  1.9
Bows           | 1 |  1.9
Crossbows      | 1 |  1.9
Throwing       | 1 |  1.9
Stealth        | 1 |  1.9
Shields        | 1 |  1.9
Unarmed Combat | 1 |  1.9
Evocations     | 1 |  1.9
Conjurations   | 1 |  1.5
Hexes          | 1 |  1.5
Summonings     | 1 |  1.5
Necromancy     | 1 |  1.5
Translocations | 1 |  1.5
Transmutations | 1 |  1.5
Fire Magic     | 1 |  1.5
Ice Magic      | 1 |  1.5
Air Magic      | 1 |  1.5
Earth Magic    | 1 |  1.5
Poison Magic   | 1 |  1.5
Armour         | 3 |  3.2
Fighting       | |  4.9
Short Blades   | |  4.9
Dodging        | |  4.9
Charms         | |  5.6

Action                   |  1- 3 |  4- 6 || total
-------------------------+-------+-------++-------
Melee: Short sword       |    23 |   137 ||   160
       Bite              |    14 |    15 ||    29
       Dagger            |   137 |    28 ||   165
       Punch             |       |     3 ||     3
Throw: Dart              |    22 |       ||    22
       Stone             |     6 |     3 ||     9
       Boomerang         |     1 |       ||     1
 Cast: Infusion          |     5 |     2 ||     7
       Shroud of Golubri |     9 |    16 ||    25
       Song of Slaying   |     1 |     3 ||     4
       Regeneration      |     1 |     4 ||     5
       Spectral Weapon   |       |     6 ||     6
       Mephitic Cloud    |       |     2 ||     2
  Use: Scroll            |     5 |     3 ||     8
       Potion            |       |     2 ||     2
 Stab: Sleeping          |     1 |       ||     1
  Eat: Chunk             |     1 |     6 ||     7
Armor: Leather armour    |    43 |    16 ||    59
       Skin              |       |    45 ||    45
Dodge: Dodged            |   155 |   108 ||   263
